cohdb
Replays
Latest Replays
All Replays
Popular Replays
Top Player Replays
Match Explorer
How It Works
Community
CoH3 Stats
Reddit
Sign in to upload your games and track your stats! →
Sign in with Steam
Match 43767161
Unlisted
Match 43767161
Overview
Messages
Build Orders
End
Construct Infanterie Kompanie
Pioneer Squad
MG 42 Machine Gun Team
GrW 34 Mortar Team
MG 42 Machine Gun Team
Grenadier Squad
Construct Luftwaffe Kompanie
Jäger Squad
Gwangju's Hero Chun Doo-gwang
freedman1984
no coffee
STG44
STALKER4732
SoyaLors
kit.ohume
Devochkin
0
0
Comments
sign in to comment!
No comments posted yet!